 Dungeon Crawl Stone Soup version 0.31-a0-750-gfe7b580527 (webtiles) character file.

Game seed: 8804626844057856151

291 heikuro the Shield-Bearer (level 6, -1/49 HPs)
             Began as a Formicid Fighter on Sept 15, 2023.
             Slain by Pikel
             ... wielding a +1 whip of flaming
              (2 damage)
             ... on level 4 of the Dungeon.
             The game lasted 00:05:47 (2515 turns).

heikuro the Shield-Bearer (Formicid Fighter)        Turns: 2515, Time: 00:05:48

Health: -1/49      AC:  7    Str: 23    XL:     6   Next: 58%
Magic:  6/6        EV:  9    Int:  7    God:
Gold:   173        SH:  5    Dex: 13    Spells: 5/5 levels left

rFire   . . .        s - +0 trident (venom)
rCold   . . .        c - +0 buckler
rNeg    + . .        b - +0 scale mail
rPois   .            (helmet unavailable)
rElec   .            (no cloak)
rCorr   .            (no gloves)
SInv    +            (no boots)
Will    .....        (no amulet) Stlth
                     j - ring of positive energy
HPRegen 0.28/turn    (no ring)
MPRegen 0.10/turn

%: no passive effects
@: no status effects
A: permanent stasis, dig shafts and tunnels, antennae 3, four strong arms
a: Dig, Shaft Self


You were on level 4 of the Dungeon.
You visited 2 branches of the dungeon, and saw 5 of its levels.

You collected 173 gold pieces.

Inventory:

Hand Weapons
 a - a +0 war axe
 s - a +0 trident of venom (weapon)
Armour
 b - a +0 scale mail (worn)
 c - a +0 buckler (worn)
Jewellery
 j - a ring of positive energy (left hand)
Wands
 o - a wand of paralysis (7)
Scrolls
 e - 4 scrolls of brand weapon {unknown}
 f - 2 scrolls of butterflies {unknown}
 g - a scroll of enchant armour {unknown}
 h - 3 scrolls of vulnerability {unknown}
 i - 2 scrolls of identify
 k - a scroll of acquirement {unknown}
 p - 2 scrolls of immolation {unknown}
Potions
 d - 2 potions of might
 l - 2 potions of resistance
 m - 2 potions of enlightenment
 n - a potion of heal wounds
 q - a potion of cancellation {unknown}
 r - 2 potions of curing {unknown}


   Skills:
 + Level 4.4 Fighting
 * Level 4.3 Axes
 + Level 4.4 Armour
 + Level 5.3 Shields


You had 5 spell levels left.
You didn't know any spells.
Your spell library contained the following spells:

 Spells                   Type           Power      Damage    Failure   Level
 Freeze                   Ice            0%         1d3       80%         1
 Sublimation of Blood     Necr           0%         N/A       90%         2
 Wereblood                Tmut           0%         N/A       90%         2
 Frozen Ramparts          Ice            0%         1d1       99%         3
 Hailstorm                Conj/Ice       0%         3d3       99%         3
 Summon Hydra             Summ           0%         N/A       100%        7


Dungeon Overview and Level Annotations

Branches:
Dungeon (4/15)             Temple (1/1) D:4

Altars:
Ashenzari
Cheibriados
Dithmenos
Elyvilon
Gozag
Kikubaaqudgha
Makhleb
Nemelex Xobeh
Ru
Sif Muna
Trog
Uskayaw
Wu Jian
Xom
Zin

Annotations:
D:4 Pikel


Innate Abilities, Weirdness & Mutations

You cannot be hasted, slowed, berserked, paralysed or teleported.
You can dig through walls and to a lower floor.
You have a pair of large antennae on your head. (SInv)
Your four strong arms can wield two-handed weapons with a shield.


Message History

Press: ? - help, Dir - move target, f - Pikel
Aim: Pikel, wielding a +1 whip of flaming, wearing a +0 robe and carrying a wand of iceblast (wandering, hasn't noticed you, about 49% to evade your +0 trident of venom)
You reach to attack!
Pikel shouts!
You hit Pikel.
Pikel is poisoned.
Pikel is lightly wounded.
You hear a shout!
Reach: s) +0 trident (venom)
Press: ? - help, Dir - move target, f/p - Pikel
Aim: Pikel, wielding a +1 whip of flaming, wearing a +0 robe and carrying a wand of iceblast (lightly wounded, very poisoned, about 49% to evade your +0 trident of venom)
You puncture Pikel!
Pikel looks as sick as possible!
Pikel is moderately wounded.
Pikel hits you but does no damage.
You puncture Pikel!
Pikel looks as sick as possible!
Pikel is heavily wounded.
Pikel barely misses you.
You completely miss Pikel.
Pikel is severely wounded.
Pikel hits you with a +1 whip of flaming!
Pikel burns you.
You barely miss Pikel.
Pikel is severely wounded.
A lemure comes into view.
Pikel hits you with a +1 whip of flaming.
* * * LOW HITPOINT WARNING * * *
Pikel burns you.
* * * LOW HITPOINT WARNING * * *
A lemure comes into view.
Pikel hits you with a +1 whip of flaming.
* * * LOW HITPOINT WARNING * * *
Pikel burns you.
* * * LOW HITPOINT WARNING * * *
Unknown command.
You barely miss Pikel.
Pikel is severely wounded.
Pikel hits you with a +1 whip of flaming.
* * * LOW HITPOINT WARNING * * *
Pikel burns you.
You die...
Pikel says, "Another soul for the market."

#.. #.# #5{ ..#... 5
{ ...#..## { #....#.#
# ## #.##..# ####.#
#,#.. #.##.# #<....
##.#..
####(...####.##.#
..5...##..5.........#
#...K@.#........†.#
#......#.#......†.#
##...(##..........#
#....##.#...........
#.. .#
##..##..........####
#.....{ #..
#..........# #....# #
### ...#########
#....#.# #..##
#....#.#


You could see Pikel (extremely poisoned) and 2 lemures.

Vanquished Creatures
  2 lemures (D:4)
  A hound (D:4)
  2 orc priests (D:4)
  2 iguanas (D:4)
  4 adders
  A shadow imp (D:4)
  5 worms
  4 dart slugs
  4 orcs
  6 endoplasms
  6 giant cockroaches
  8 goblins
  6 hobgoblins
  4 jackals (D:2)
  3 quokkas
  6 ball pythons
  4 bats
  3 frilled lizards
  4 kobolds
  9 rats
84 creatures vanquished.

Notes
Turn   | Place    | Note
-------+----------+-------------------------------------------
     0 | D:1      | heikuro the Formicid Fighter began the quest for the Orb.
     0 | D:1      | Reached XP level 1. HP: 18/18 MP: 1/1
   187 | D:1      | Reached XP level 2. HP: 24/24 MP: 2/2
   495 | D:2      | Reached XP level 3. HP: 28/29 MP: 3/3
   811 | D:2      | Reached XP level 4. HP: 26/37 MP: 4/4
  1272 | D:3      | Reached XP level 5. HP: 37/42 MP: 5/5
  1467 | D:3      | Found a sparkling altar of Nemelex Xobeh.
  1568 | D:3      | Found a faded altar of an unknown god.
  1853 | D:4      | Reached skill level 5 in Shields
  1862 | D:4      | Reached XP level 6. HP: 34/48 MP: 6/6
  2366 | D:4      | Found a staircase to the Ecumenical Temple.
  2382 | Temple   | Entered the Ecumenical Temple
  2509 | D:4      | Noticed Pikel
  2515 | D:4      | HP: 1/49 [Pikel/+1 whip of flaming (5)]
  2515 | D:4      | Slain by Pikel

Illustrated notes

Levels and vault maps discovered:
D:1:      evilmike_arrival_fibonacci_small, layout_rooms,
          dreamdust_mushroom_princess
D:2:      minmay_chambers_of_ones, layout_rooms
D:3:      layout_rooms, nemelex_dance_club_becter,
          chequers_ecumenical_altar_grove, grunt_ministairs_5
D:4:      layout_loops_cross, minmay_temple_entry_proselytizer,
          minmay_misc_feat_rugged, minmay_misc_feat_x, grunt_ministairs_2,
          roderic_roman_lattice, uniq_pikel
Temple:   eino_temple_lava

Skill      XL: |  1  2  3  4  5  6 |
---------------+-------------------+-----
Axes           | 3 4 |  4.3
Fighting       | 4 |  4.4
Armour         | 4 |  4.4
Shields        | 5 |  5.3

Action                     |  1- 3 |  4- 6 || total
---------------------------+-------+-------++-------
  Melee: War axe           |    86 |   132 ||   218
         Trident           |       |     6 ||     6
    Use: Scroll            |     1 |     3 ||     4
 Armour: Scale mail        |    58 |    88 ||   146
  Dodge: Dodged            |    40 |    62 ||   102
  Block: Buckler           |    29 |    28 ||    57

Table legend: (Time is in decaauts)
 A = Elapsed time spent in this place.
 B = Non-inter-level travel time spent in this place.
 C = Inter-level travel time spent in this place.
 D = Time resting spent in this place.
 E = Time spent auto-exploring this place.
 F = Levels seen in this place.
 G = Mean time per level.
                   A        B        C        D        E       F      G
               +--------+--------+--------+--------+--------+-----+--------+
         Total |   2594 |   2468 |    126 |    332 |   1417 |   5 |  518.8 |
       Dungeon |   2556 |   2433 |    123 |    332 |   1389 |   4 |  639.0 |
        Temple |     37 |     34 |      3 |      0 |     28 |   1 |   37.0 |
               +--------+--------+--------+--------+--------+-----+--------+

Top non-repeatable levels by time:
     D:2: 714 daAuts
     D:4: 698 daAuts
     D:3: 633 daAuts
     D:1: 509 daAuts
  Temple: 37 daAuts
